 Dungeon Crawl Stone Soup version 0.32-a0-391-gce5c0aab1b (webtiles) character file.

Game seed: 2706243573182334967

34730 2tousent the Peltast (level 13, -1/119 HPs)
             Began as a Minotaur Fighter on Feb 19, 2024.
             Was an Elder of Beogh.
             Slain by a spriggan rider
             ... wielding a +0 spear
              (16 damage)
             ... on level 5 of the Lair of Beasts.
             The game lasted 00:23:57 (14255 turns).

2tousent the Peltast (Minotaur Fighter)            Turns: 14255, Time: 00:23:58

Health: -1/119     AC: 14    Str: 23    XL:     13   Next: 43%
Magic:  15/15      EV: 16    Int:  5    God:    Beogh [****..]
Gold:   877        SH: 19    Dex: 13    Spells: 12/12 levels left

rFire   + . .        J - +2 trident (freeze)
rCold   + . .        L - +0 tower shield
rNeg    . . .        g - +0 chain mail
rPois   .            (helmet restricted)
rElec   .            l - scarf {rC+ rF+}
rCorr   .            (no gloves)
SInv    +            m - +2 pair of slick slippers {slick, slippery, EV+4}
Will    .....        (no amulet) Stlth
                     r - +5 ring of evasion
HPRegen 0.39/turn    i - ring of see invisible
MPRegen 0.14/turn

%: no passive effects
@: lethally poisoned (-1 -> -16), hasted, very quick
A: horns 2, retaliatory headbutt
a: Renounce Religion, Smiting, Recall Apostles, Dismiss Morun, warrior, Dismiss
Bogric, wizard


You were on level 5 of the Lair of Beasts.
You worshipped Beogh.
Beogh was greatly pleased with you.
You visited 4 branches of the dungeon, and saw 16 of its levels.
You also visited: Ossuary.

You collected 985 gold pieces.
You spent 108 gold pieces at shops.

Inventory:

Hand Weapons
 a - a +1 trident
 J - a +2 trident of freezing (weapon)
Missiles
 O - a throwing net (quivered)
Armour
 b - a +0 scale mail
 c - a +0 buckler
 g - a +0 chain mail (worn)
 l - a scarf of resistance (worn)
 m - the +2 pair of slick slippers (worn) {slick, slippery, EV+4}
   (You found it on level 5 of the Dungeon)

   Slick:     Its wearer cannot be constricted, engulfed, netted or webbed.
   Slippery:  Its wearer slips away from damaging melee attacks, pulling the
   attacker onward.
   EV+4:      It affects your evasion (+4).
 q - a +1 kite shield
 L - a +0 tower shield (worn)
Jewellery
 i - a ring of see invisible (right hand)
 k - a +6 ring of intelligence
 n - a +6 ring of dexterity
 r - a +5 ring of evasion (left hand)
 s - a ring of fire
 t - a +6 ring of intelligence
 u - a +6 ring of dexterity
Wands
 d - a wand of polymorph (12)
 R - a wand of flame (6)
 S - a wand of roots (2)
Scrolls
 h - 2 scrolls of vulnerability
 o - 4 scrolls of blinking
 v - a scroll of enchant weapon
 x - a scroll of butterflies {unknown}
 y - a scroll of brand weapon {unknown}
 B - 4 scrolls of enchant armour
 C - 8 scrolls of identify {unknown}
 D - a scroll of fog
 G - 2 scrolls of poison {unknown}
 H - 2 scrolls of silence {unknown}
 K - a scroll of teleportation
 M - a scroll of acquirement {unknown}
 N - a scroll of noise {unknown}
 P - a scroll of immolation
Potions
 e - 3 potions of brilliance {unknown}
 f - 3 potions of haste
 j - 5 potions of heal wounds {unknown}
 p - 4 potions of curing {unknown}
 w - a potion of magic {unknown}
 z - a potion of cancellation {unknown}
 A - a potion of invisibility {unknown}
 E - a potion of enlightenment {unknown}
 F - a potion of mutation {unknown}
 I - a potion of berserk rage {unknown}
 Q - a potion of attraction {unknown}


   Skills:
 + Level 12.3 Fighting
 - Level 14.0 Polearms
 + Level 12.4 Armour
 * Level 16.6 Shields
 + Level 5.1 Invocations


You had 12 spell levels left.
You didn't know any spells.
Your spell library contained the following spells:

 Spells                   Type           Power      Damage    Failure   Level
 Inner Flame              Hex/Fire       0%         N/A       100%        3
 Anguish                  Hex/Necr       0%         N/A       100%        4
 Cause Fear               Hex            0%         N/A       100%        4
 Flame Wave               Conj/Fire      0%         2d4       100%        4
 Sticky Flame             Fire/Alch      0%         2d4       100%        4
 Summon Forest            Summ/Tloc      0%         N/A       100%        5
 Summon Mana Viper        Hex/Summ       0%         N/A       100%        5
 Summon Cactus Giant      Summ           0%         N/A       100%        6
 Enfeeble                 Hex            0%         N/A       100%        7


Dungeon Overview and Level Annotations

Branches:
Dungeon (9/15)             Temple (1/1) D:4            Lair (5/5) D:8
  Swamp (0/4) Lair:3          Orc (1/2) D:9         Ossuary (visited)
  Snake: Lair:2-3    Spider: Lair:2-3     Slime: Lair:4-5

Altars:
Ashenzari
Cheibriados
Dithmenos
Elyvilon
Fedhas
Gozag
Hepliaklqana
Kikubaaqudgha
Makhleb
Nemelex Xobeh
Okawaru
Qazlal
Ru
Sif Muna
Trog
Uskayaw
Vehumet
Wu Jian
Xom
Yredelemnul
Zin
The Shining One

Shops:
D:3 [   D:9 *

Annotations:
D:7 3 exclusions
Lair:3 exclusion: downstairs


Innate Abilities, Weirdness & Mutations

Your facial features look somewhat orcish.
You have a pair of horns on your head.
You reflexively headbutt those who attack you in melee.


Message History

Morun hits the water moccasin with a +2 great mace of draining!
The yak gores Morun but does no damage.
The hornet stings you!
You feel yourself slow down.
A wolf comes into view.
The black mamba barely misses you.
You feel sick.
The spriggan rider blocks Morun's attack.
The hornet stings you but does no damage.
The black mamba bites you but does no damage.
The yak gores Morun.
The spriggan rider hits you from afar with a +0 spear!
You feel yourself speed up.
You feel sick.
You are no longer poisoned.
The black mamba barely misses you. The hornet stings you!
* * * LOW HITPOINT WARNING * * *
You feel yourself slow down.
Morun hits the yak with a +2 great mace of draining.
A spriggan comes into view. It is wielding a +0 rapier.
The black mamba bites you but does no damage.
The yak gores Morun!
Bogric gestures at the hornet while chanting.
The sting hits the boggart!
The boggart is poisoned.
The hornet stings you but does no damage.
The spriggan rider hits you from afar with a +0 spear!
* * * LOW HITPOINT WARNING * * *
The boggart casts a spell.
The boggart blinks!
You can move again.
Unknown command.
It was a potion of haste.
You feel yourself speed up.
You feel yourself speed up. The black mamba bites you!
* * * LOW HITPOINT WARNING * * *
You are lethally poisoned!
The black mamba poisons you! You block the hornet's attack.
Morun hits the yak with a +2 great mace of draining.
You block the black mamba's attack.
The yak misses Morun.
The spriggan rider hits you from afar with a +0 spear!
You die...

..................#...........
..............................
..................g.P..)....♣♣
.............[♣♣♣♣♣♣
............♣♣♣ .P...o....♣♣♣
♣♣....§†#♣♣ ♣♣♣...SoY♣♣
♣♣♣♣@yiY♣ ♣♣♣♣SyYh... ♣♣♣i...
... ♣♣


You could see a spriggan rider, a black mamba (summoned), 3 yaks, 2 hornets, a
water moccasin, a spriggan, a wolf, a boggart (invisible, distracted, poisoned),
the friendly Bogric the orc apostle and the friendly Morun the orc apostle.

Vanquished Creatures
  Snorg (Lair:3)
  A hydra (Lair:4)
  A boulder beetle (Lair:2)
  A two-headed ogre (D:9)
  A death yak (Lair:1)
  Nergalle (Lair:3)
  2 elephants (Lair:4)
  2 torpor snails
  6 black mambas
  10 cane toads
  Maggie (D:7)
  3 rime drakes
  10 komodo dragons
  3 polar bears
  2 hornets
  6 blink frogs
  Grinder (D:4)
  21 yaks
  A shadow (D:9)
  A basilisk (Lair:2)
  2 wyverns (Lair:4)
  A steam dragon (D:8)
  6 humans (D:8)
  6 water moccasins
  Duvessa (D:5)
  4 orc warriors
  3 sky beasts
  5 black bears
  2 ogres
  3 centaurs
  3 boggarts (Lair:4)
  29 wolves
  2 phantoms (D:5)
  2 kobold brigands
  Blork the orc (D:5)
  12 bullfrogs
  A gnoll sergeant (D:9)
  2 scorpions
  16 wights
  Dowan (D:5)
  An electric eel (D:7)
  A howler monkey (D:8)
  A bombardier beetle (D:4)
  2 centaur zombies (Ossuary)
  A crimson imp (D:5)
  4 hounds
  5 orc priests
  2 jellies (D:5)
  2 iguanas
  5 sleepcaps
  6 orc wizards
  7 hell rats (Lair:3)
  3 crocodile zombies (Ossuary)
  3 mummies (Ossuary)
  5 adders
  4 gnolls (D:9)
  13 river rats (Lair:3)
  A shadow imp (D:7)
  A white imp (D:5)
  4 dart slugs
  2 ribbon worms
  33 orcs
  7 ball pythons
  2 bats
  5 endoplasms
  A giant cockroach (D:3)
  5 goblins
  12 hobgoblins
  12 quokkas
  4 frilled lizards
  A gnoll zombie (Ossuary)
  A goblin zombie (D:6)
  15 kobolds
  2 kobold zombies (Ossuary)
  An orc zombie (D:6)
  15 rats
  A rat zombie (D:6)
367 creatures vanquished.

Vanquished Creatures (collateral kills)
  A death yak (Lair:4)
  A fire crab (Lair:5)
  2 elephants (Lair:4)
  A black mamba (Lair:5)
  A cane toad (Lair:5)
  A rime drake (Lair:4)
  A komodo dragon (Lair:4)
  A polar bear (Lair:5)
  A spriggan (Lair:5)
  13 yaks
  A basilisk (Lair:4)
  A boggart (Lair:4)
  A black bear (Lair:4)
  6 wolves
  2 bullfrogs (Lair:4)
34 creatures vanquished.

Vanquished Creatures (others)
  An orc wizard (D:7)
  A white imp (D:7)
  2 orcs (D:8)
4 creatures vanquished.

Grand Total: 405 creatures vanquished

Notes
Turn   | Place    | Note
-------+----------+-------------------------------------------
     0 | D:1      | 2tousent the Minotaur Fighter began the quest for the Orb.
     0 | D:1      | Reached XP level 1. HP: 19/19 MP: 0/0
    69 | D:1      | Reached XP level 2. HP: 27/27 MP: 1/1
   170 | D:1      | Found a faded altar of an unknown god.
   188 | D:1      | You fall into a shaft and drop 1 floor!
   245 | D:2      | Reached XP level 3. HP: 33/33 MP: 2/2
   695 | D:2      | Reached XP level 4. HP: 40/40 MP: 3/3
   886 | D:2      | Found a sacrificial altar of Ru.
  1233 | D:3      | Found a broken altar of Ashenzari.
  1322 | D:3      | Reached XP level 5. HP: 33/47 MP: 4/4
  1570 | D:3      | Found a white marble altar of Elyvilon.
  1570 | D:3      | Found a shimmering altar of Xom.
  1816 | D:3      | Reached skill level 5 in Polearms
  1930 | D:3      | Found Amuoz's Antique Armour Emporium.
  1940 | D:3      | Bought a kite shield for 108 gold pieces
  2173 | D:4      | Found a staircase to the Ecumenical Temple.
  2192 | Temple   | Entered the Ecumenical Temple
  2397 | D:4      | Reached skill level 5 in Armour
  2397 | D:4      | Reached skill level 4 in Shields
  2481 | D:4      | Reached XP level 6. HP: 43/55 MP: 5/5
  2572 | D:4      | Reached skill level 5 in Fighting
  2753 | D:4      | Noticed Grinder
  2765 | D:4      | Killed Grinder
  2766 | D:4      | Reached skill level 5 in Shields
  2766 | D:4      | Reached XP level 7. HP: 49/61 MP: 6/6
  3019 | D:4      | Found an ornate altar of the Wu Jian Council.
  3149 | D:5      | Entered Level 5 of the Dungeon
  3381 | D:5      | Noticed Dowan
  3383 | D:5      | Noticed Duvessa
  3395 | D:5      | Killed Dowan
  3421 | D:5      | Found the +2 pair of slick slippers {slick, slippery, EV+4}
  3489 | D:5      | Killed Duvessa
  3490 | D:5      | Reached skill level 6 in Shields
  3842 | D:5      | Reached XP level 8. HP: 40/70 MP: 7/7
  4219 | D:5      | Noticed Blork the orc
  4231 | D:5      | Killed Blork the orc
  4232 | D:5      | Reached skill level 7 in Shields
  4862 | D:6      | Found a sand-covered staircase.
  4877 | Ossuary  | Entered an ossuary
  5396 | D:6      | Reached skill level 8 in Shields
  5795 | D:7      | Reached XP level 9. HP: 78/78 MP: 8/8
  5891 | D:7      | Noticed Maggie
  5911 | D:7      | Killed Maggie
  6140 | D:7      | Found a shimmering blue altar of Sif Muna.
  6209 | D:7      | Found a bloodstained altar of Trog.
  6217 | D:7      | Reached skill level 9 in Shields
  7053 | D:8      | Reached skill level 10 in Polearms
  7406 | D:8      | Reached skill level 10 in Shields
  7588 | D:8      | Reached XP level 10. HP: 58/88 MP: 9/9
  7765 | D:8      | Found a staircase to the Lair.
  8141 | D:8      | Found a snail-covered altar of Cheibriados.
  8407 | D:9      | Noticed a two-headed ogre
  8418 | D:9      | Killed a two-headed ogre
  8419 | D:9      | Reached skill level 11 in Shields
  8518 | D:9      | Found an opulent altar of Gozag.
  8522 | D:9      | Found Gozag's Platinum Reserve.
  8665 | D:9      | Found a staircase to the Orcish Mines.
  9107 | Orc:1    | Entered Level 1 of the Orcish Mines
  9125 | Orc:1    | Became a worshipper of Beogh the Shepherd
  9240 | Lair:1   | Entered Level 1 of the Lair of Beasts
  9354 | Lair:1   | Reached XP level 11. HP: 97/97 MP: 10/10
  9413 | Lair:1   | Reached skill level 12 in Shields
  9533 | Lair:1   | Noticed a death yak
  9546 | Lair:1   | Killed a death yak
  9705 | Lair:1   | Reached * piety under Beogh
 10186 | Lair:2   | Reached skill level 13 in Shields
 10245 | Lair:2   | Reached skill level 10 in Fighting
 10245 | Lair:2   | Reached skill level 10 in Armour
 10410 | Lair:2   | Noticed a boulder beetle
 10441 | Lair:2   | Killed a boulder beetle
 10823 | Lair:2   | Noticed a death yak
 10827 | Lair:2   | Noticed a death yak
 10832 | Lair:2   | Noticed a death yak
 10833 | Lair:2   | Noticed a death yak
 11004 | Lair:2   | Reached XP level 12. HP: 71/107 MP: 11/11
 11248 | Lair:3   | Noticed Snorg
 11259 | Lair:3   | Killed Snorg
 11273 | Lair:3   | Reached skill level 14 in Shields
 11362 | Lair:3   | Reached ** piety under Beogh
 11510 | Lair:3   | Reached skill level 1 in Invocations
 11523 | Lair:3   | Found a staircase to the Swamp.
 11526 | Lair:3   | Noticed Nergalle
 11563 | Lair:3   | Killed Nergalle
 12111 | Lair:3   | Reached *** piety under Beogh
 12167 | Lair:3   | Anointed Morun the warrior as your apostle
 12243 | Lair:3   | Reached skill level 15 in Shields
 12633 | Lair:4   | Noticed a five-headed hydra
 12642 | Lair:4   | Killed a five-headed hydra
 12649 | Lair:4   | Anointed Bogric the wizard as your apostle
 12841 | Lair:4   | Reached **** piety under Beogh
 13063 | Lair:4   | Reached XP level 13. HP: 114/117 MP: 13/15
 13320 | Lair:4   | Reached skill level 16 in Shields
 13751 | Lair:5   | Entered Level 5 of the Lair of Beasts
 14162 | Lair:5   | Reached skill level 5 in Invocations
 14252 | Lair:5   | Paralysed by a hornet for 3 turns
 14255 | Lair:5   | Slain by a spriggan rider

Illustrated notes

Levels and vault maps discovered:
D:1:      psy_arrival_basics, layout_rooms, shapermc_ecumenical_altar_flowoftime
D:2:      layout_loops_cross, basic_altar, hex_tiny, due_unseen_surprise
D:3:      layout_basic, gammafunk_temple_overflow_elements,
          cheibrodos_ashenzari_chains, serial_shops, nicolae_shop_tiny_glass
D:4:      layout_gridville, pdpol_wu_jian_five_deadly_venoms,
          minmay_temple_entry_offerings, uniq_grinder
D:5:      minmay_general_purpose_star, layout_layer_cave,
          minmay_fire_ice_demons, uniq_blork_the_orc, uniq_duvessa
D:6:      layout_basic, enter_ossuary_3, serial_glass, glass_columns_b,
          glass_columns_b
D:7:      layout_rooms, tgw_sif, mainiacjoe_overflow_chevrons,
          solitary_fountain, nicolae_have_a_lightning_rod, uniq_maggie
D:8:      layout_basic, chei_slow_surprise, lair_entry_dummy, minmay_ruffians
D:9:      layout_loops_ring, nicolae_gozag_zags_fifth_avenue, orc_0_dummy
Temple:   nicolae_temple_great_sept
Lair:1:   layout_cellular_growth
Lair:2:   layout_roguey, spider_nest_entry_webs, grunt_megastairs_5
Lair:3:   lemuel_ratsnest, layout_misc_corridors, minmay_swamp_entry_eels,
          beast_lair_carwin_11, uniq_snorg, uniq_nergalle
Lair:4:   layout_regular_city, wad_woods_06, kilobyte_rumbling_trees
Lair:5:   minmay_lair_end_enchanted_forest, layout_small_grid, slime_entry_1,
          grunt_megastairs_1, serial_bayou_shore_a, lemuel_fruit_fields
Orc:1:    layout_diamond_mine, nicolae_orc_flooded_monolith, uniq_harold

Skill      XL: |  1  2  3  4  5  6  7  8  9 10 11 12 13 |
---------------+----------------------------------------+-----
Polearms       | 3 4 5 6 7 9 10 12 14 | 14.0
Armour         | 4 5 6 8 9 10 11 12 | 12.4
Fighting       | 4 5 6 8 9 10 11 12 | 12.3
Shields        | 4 5 6 8 10 11 13 15 16 | 16.6
Invocations    | 4 5 |  5.1

Action                     |  1- 3 |  4- 6 |  7- 9 | 10-12 | 13-15 || total
---------------------------+-------+-------+-------+-------+-------++-------
  Melee: Trident           |    62 |   137 |   377 |   830 |   151 ||  1557
         Headbutt          |     6 |    14 |    79 |   150 |    38 ||   287
         Unarmed           |       |       |    11 |       |       ||    11
 Invoke: Convert to Beogh  |       |       |       |     1 |       ||     1
         Recruit Apostle   |       |       |       |     2 |       ||     2
    Use: Scroll            |     3 |       |     6 |     2 |       ||    11
         Potion            |       |       |     1 |       |     1 ||     2
   Stab: Distracted        |       |       |       |     1 |     2 ||     3
 Armour: Chain mail        |    32 |    69 |   109 |   201 |    55 ||   466
         Skin              |       |       |     1 |       |       ||     1
  Dodge: Dodged            |    12 |    17 |   144 |   238 |    33 ||   444
  Block: Buckler           |     7 |    10 |       |       |       ||    17
         Kite shield       |       |    24 |   159 |    85 |       ||   268
         Tower shield      |       |       |       |   468 |   100 ||   568

Table legend: (Time is in decaauts)
 A = Elapsed time spent in this place.
 B = Non-inter-level travel time spent in this place.
 C = Inter-level travel time spent in this place.
 D = Time resting spent in this place.
 E = Time spent auto-exploring this place.
 F = Levels seen in this place.
 G = Mean time per level.
                   A        B        C        D        E       F      G
               +--------+--------+--------+--------+--------+-----+--------+
         Total |  14054 |  13655 |    399 |    439 |  10540 |  17 |  826.7 |
       Dungeon |   9064 |   8788 |    276 |    291 |   6933 |   9 | 1007.1 |
        Temple |     13 |     13 |      0 |      0 |      0 |   1 |   13.0 |
          Lair |   4840 |   4717 |    123 |    147 |   3563 |   5 |  968.0 |
  Orcish Mines |     25 |     25 |      0 |      0 |      0 |   1 |   25.0 |
       Ossuary |    110 |    110 |      0 |      0 |     44 |   1 |  110.0 |
               +--------+--------+--------+--------+--------+-----+--------+

Top non-repeatable levels by time:
     D:5: 1533 daAuts
  Lair:3: 1290 daAuts
     D:8: 1242 daAuts
     D:7: 1240 daAuts
  Lair:4: 1154 daAuts
     D:4: 1055 daAuts
  Lair:2: 1041 daAuts
     D:6: 970 daAuts
     D:3: 926 daAuts
     D:9: 915 daAuts
  Lair:1: 870 daAuts
     D:2: 602 daAuts
     D:1: 576 daAuts
  Lair:5: 482 daAuts
 Ossuary: 110 daAuts
